 Dungeon Crawl Stone Soup version 0.30.1-3-gfc49f6343a (webtiles) character file.

Game seed: 4252235230886200939

1478 WasDamxx the Spear-Bearer (level 8, 0/62 (70) HPs)
             Began as a Pale Draconian Chaos Knight on July 27, 2023.
             Was a Plaything of Xom.
             Splashed by a jelly's acid (9 damage)
             ... on level 7 of the Dungeon.
             The game lasted 00:30:57 (5112 turns).

WasDamxx the Spear-Bearer (DrCK)                    Turns: 5112, Time: 00:30:59

HP:   0/62 (70)     AC:  2    Str: 13    XL:     8   Next: 50%
MP:   8/8           EV: 13    Int: 16    God:    Xom [..*...]
Gold: 340           SH:  0    Dex: 13    Spells: 7/7 levels left

rFire   . . .        a - +3 spear (drain)
rCold   . . .        (no shield)
rNeg    . . .        (body armour unavailable)
rPois   .            (helmet restricted)
rElec   .            (no cloak)
rCorr   .            (no gloves)
SInv    .            (no boots)
Will    .....        (no amulet)
Stlth   ++           x - +4 ring of protection
HPRegen 0.30/turn    y - +6 ring of intelligence
MPRegen 0.11/turn

%: no passive effects
@: corroded, slowed, heavily drained, very slow
A: breathe steam, AC +6, unfitting armour, cold-blooded, steam resistance, dopey
1, sense surroundings 1, weak 1
a: Breathe Steam, Renounce Religion


You were on level 7 of the Dungeon.
You worshipped Xom.
You were a toy of Xom.
You visited 1 branch of the dungeon, and saw 7 of its levels.

You collected 340 gold pieces.

Inventory:

Hand Weapons
 a - a +3 spear of draining (weapon)
 k - a +0 dagger
 l - a +0 dagger
 m - a +0 spear
 o - a +0 dagger
Missiles
 s - a throwing net
Armour
 c - a +0 kite shield
 h - +0 ice dragon scales
Jewellery
 x - a +4 ring of protection (left hand)
 y - a +6 ring of intelligence (right hand)
Wands
 t - a wand of polymorph (7)
 z - a wand of charming (9)
Scrolls
 g - 3 scrolls of teleportation
 j - a scroll of torment
 p - a scroll of immolation {unknown}
 r - 2 scrolls of amnesia {unknown}
 v - 4 scrolls of blinking
 B - a scroll of fear {unknown}
Potions
 d - a potion of might
 e - a potion of mutation {unknown}
 f - 2 potions of cancellation {unknown}
 i - a potion of brilliance {unknown}
 n - 3 potions of degeneration {unknown}
 q - a potion of haste {unknown}
 u - a potion of resistance {unknown}
 w - a potion of ambrosia {unknown}
 A - a potion of curing {unknown}
Miscellaneous
 b - a piece from Xom's chessboard (15/15) (quivered)


   Skills:
 + Level 5.6 Fighting
 * Level 8.6 Polearms
 + Level 4.4 Dodging
 + Level 3.1 Stealth
 + Level 0.2 Evocations


You had 7 spell levels left.
You didn't know any spells.
Your spell library contained the following spells:

 Spells                   Type           Power      Damage    Failure   Level
 Apportation              Tloc           0%         N/A       26%         1
 Magic Dart               Conj           0%         1d3       26%         1
 Poisonous Vapours        Pois/Air       0%         N/A       36%         2
 Searing Ray              Conj           0%         2d4       36%         2
 Mephitic Cloud           Conj/Pois/Air  0%         N/A       58%         3
 Portal Projectile        Hex/Tloc       0%         N/A       58%         3
 Tukima's Dance           Hex            0%         N/A       58%         3
 Volatile Blastmotes      Fire/Tloc      0%         2d10      58%         3
 Fulminant Prism          Conj/Hex       0%         3d5       94%         4
 Iskenderun's Mystic Bla  Conj/Tloc      0%         2d3       94%         4
 Alistair's Intoxication  Tmut/Pois      0%         N/A       100%        5
 Blade Hands              Tmut           0%         N/A       100%        5
 Freezing Cloud           Conj/Ice/Air   0%         6-21      100%        5
 Lee's Rapid Deconstruct  Erth           0%         3d4*      100%        5


Dungeon Overview and Level Annotations

Branches:
Dungeon (7/15)             Temple (0/1) D:6

Altars:
Cheibriados
Uskayaw

Shops:
D:5 (


Innate Abilities, Weirdness & Mutations

You can breathe blasts of scalding, opaque steam.
Your pale cyan-grey scales are hard. (AC +6)
You cannot fit into any form of body armour.
You are cold-blooded and may be slowed by cold attacks.
You are immune to the effects of steam.
You are dopey. (Int -2)
You passively map a small area around you.
You are weak. (Str -2)


Message History

Found a stone staircase leading down.
There is a stone staircase leading down here.
You open the door.
Found a scroll labelled SEDUNO RUYDOPN.
There is an open door here.
An ice beast comes into view.
Found a scroll of identify.
A jelly comes into view.
Found 12 gold pieces.
The jelly quivers.
The jelly closely misses you.
You see here a scroll of identify.
You hit the ice beast.
The ice beast is lightly wounded.
You hit the jelly. The acid corrodes you!
Your hands burn!
You tail-slap the jelly, but do no damage.
The jelly is moderately wounded.
The ice beast closely misses you. The jelly hits you. The acid corrodes you!
You are splashed with acid!
You hit the ice beast but do no damage.
You tail-slap the ice beast, but do no damage.
The ice beast is lightly wounded.
The ice beast hits you. The ice beast freezes you!
The jelly hits you but does no damage.
You hit the jelly but do no damage.
Your hands burn!
The jelly is moderately wounded.
You hit the ice beast but do no damage. You drain the ice beast.
The ice beast is lightly wounded.
The jelly hits you.
You are splashed with acid!
The ice beast hits you.
* * * LOW HITPOINT WARNING * * *
The ice beast freezes you!
You feel yourself slow down.
* * * LOW HITPOINT WARNING * * *
You hit the ice beast. You drain the ice beast.
You tail-slap the ice beast, but do no damage.
The ice beast is moderately wounded.
The jelly hits you.
* * * LOW HITPOINT WARNING * * *
You are splashed with acid!
You die...
Xom thinks this is hilarious!

, , , ######### ,
#.......# .....#
#.......# * , ..#..#
#......?#* , *#.#..#
#.......##,, *
#.#...# #$JY.....+
#.#.#..## #..@....#*,
, #.#.##..######....#
,
#.#.###......#....#*,
, ^
#<....#......#.####
##........>..'.# , ,
#.......#......### *
, ....#.####......#
,, ....... #......# *
, ######. #.........,
,


You could see an ice beast (very drained) and a jelly.

Vanquished Creatures
  Pikel (D:6)
  A water moccasin (D:6)
  2 ice beasts (D:6)
  4 wights (D:6)
  3 hounds
  A jelly (D:6)
  4 iguanas
  A sleepcap (D:6)
  4 orc wizards
  7 adders
  A white imp (D:6)
  2 ufetubi (D:5)
  2 worms
  3 dart slugs
  8 orcs
  3 endoplasms
  4 giant cockroaches
  5 hobgoblins
  2 jackals (D:1)
  5 kobolds
  3 quokkas
  3 training dummies (D:5)
  8 ball pythons
  10 bats
  2 frilled lizards (D:1)
  11 goblins
  5 rats
105 creatures vanquished.

Notes
Turn   | Place    | Note
-------+----------+-------------------------------------------
     0 | D:1      | WasDamxx the Draconian Chaos Knight began the quest for the
                  | Orb.
     0 | D:1      | Reached XP level 1. HP: 19/19 MP: 1/1
    44 | D:1      | XOM: silly message
   121 | D:1      | XOM: potion effect (haste)
   168 | D:1      | Reached XP level 2. HP: 12/26 MP: 2/2
   345 | D:1      | XOM: cloud trail
   440 | D:1      | XOM: smoke on damage
   445 | D:1      | Reached XP level 3. HP: 26/33 MP: 3/3
   542 | D:1      | XOM: silly message
   811 | D:2      | XOM: god gift: 29 gold pieces
   948 | D:2      | Reached skill level 1 in Stealth
  1054 | D:2      | XOM: give mutations
  1054 | D:2      | Gained mutation: You passively map a small area around you.
                  | [Xom's mischief]
  1054 | D:2      | Gained mutation: You have hidden genetic defects. [Xom's
                  | mischief]
  1258 | D:2      | Found a faded altar of an unknown god.
  1268 | D:2      | Reached XP level 4. HP: 39/40 MP: 4/4
  1518 | D:3      | Reached skill level 4 in Polearms
  1524 | D:3      | XOM: 5-stop teleportation journey
  1529 | D:3      | Gained mutation: You are dopey. (Int -2) [hidden defects]
  1556 | D:3      | Gained mutation: You are weak. (Str -2) [hidden defects]
  1556 | D:3      | Lost mutation: You have hidden genetic defects. [hidden
                  | defects expressed]
  1576 | D:3      | XOM: cloud trail
  1604 | D:3      | XOM: 2-stop teleportation journey
  1688 | D:3      | XOM: 8-stop teleportation journey
  2070 | D:3      | XOM: confusion (+ monsters)
  2198 | D:4      | XOM: divination: magic mapping
  2442 | D:4      | XOM: silly message
  2510 | D:4      | XOM: silly message
  2564 | D:4      | Reached XP level 5. HP: 46/46 MP: 5/5
  2906 | D:5      | Entered Level 5 of the Dungeon
  2942 | D:5      | Found Ycwiq's Firing Range.
  2952 | D:5      | XOM: cloud trail
  3187 | D:5      | Found a hide-covered altar of Uskayaw.
  3310 | D:5      | Reached skill level 5 in Polearms
  3704 | D:5      | XOM: silly message
  3725 | D:5      | Reached XP level 6. HP: 51/53 MP: 6/6
  3871 | D:6      | Noticed an ice beast
  3882 | D:6      | Killed an ice beast
  3946 | D:6      | Found a staircase to the Ecumenical Temple.
  4037 | D:6      | Your scales start taking on a pale cyan-grey colour.
  4037 | D:6      | Reached XP level 7. HP: 55/60 MP: 7/7
  4037 | D:6      | Gained mutation: You are immune to the effects of steam.
                  | [Pale Draconian growth]
  4055 | D:6      | Noticed Pikel
  4077 | D:6      | XOM: potion effect (haste)
  4096 | D:6      | Killed Pikel
  4097 | D:6      | Reached skill level 5 in Fighting
  4097 | D:6      | Reached skill level 7 in Polearms
  4102 | D:6      | Found a snail-covered altar of Cheibriados.
  4178 | D:6      | XOM: silly message
  4192 | D:6      | Reached XP level 8. HP: 68/68 MP: 8/8
  4196 | D:6      | XOM: give mutations
  4196 | D:6      | Gained mutation: Your flesh is cold resistant. (rC+) [Xom's
                  | mischief]
  4196 | D:6      | Lost mutation: Your flesh is cold resistant. (rC+) [Xom's
                  | mischief]
  4526 | D:6      | Reached skill level 8 in Polearms
  4526 | D:6      | XOM: potion effect (haste)
  4528 | D:6      | XOM: divination: detect creatures
  4546 | D:6      | XOM: divination: detect creatures
  4557 | D:6      | XOM: noise
  4656 | D:6      | XOM: cloud trail
  4857 | D:6      | XOM: cloud trail
  5112 | D:7      | Splashed by a jelly's acid

Illustrated notes

Levels and vault maps discovered:
D:1:      lemuel_arrival_behind_the_door_small, layout_rooms,
          minmay_misc_feat_nine_boxes, minmay_split_cup_small
D:2:      layout_basic, shapermc_ecumenical_altar_flowoftime,
          minmay_pentomino_s4
D:3:      layout_loops_ring, minmay_shallow_snake_nest
D:4:      layout_basic
D:5:      layout_basic, nicolae_uskayaw_suspiria,
          nicolae_ossuary_entry_catacombs, nicolae_shop_firing_range
D:6:      kb_forest_paths, layout_basic, overflow_temple_1_default,
          minmay_temple_entry_statues, uniq_pikel
D:7:      old_forge, layout_basic

Skill      XL: |  1  2  3  4  5  6  7  8 |
---------------+-------------------------+-----
Stealth        | 1 2 3 |  3.1
Polearms       | 4 5 7 8 |  8.6
Fighting       | 4 5 |  5.6
Dodging        | 3 4 |  4.4
Evocations     | |  0.2

Action                     |  1- 3 |  4- 6 |  7- 9 || total
---------------------------+-------+-------+-------++-------
  Melee: Spear             |   148 |   186 |   141 ||   475
         Tailslap          |    19 |    26 |    15 ||    60
         Punch             |     1 |     1 |       ||     2
  Evoke: Piece from Xom's  |     2 |     2 |       ||     4
    Use: Scroll            |     4 |     8 |     1 ||    13
         Potion            |       |     2 |       ||     2
   Stab: Petrified         |     1 |       |       ||     1
         Paralysed         |     1 |       |       ||     1
         Sleeping          |       |     4 |       ||     4
         Confused          |       |     1 |       ||     1
 Armour: Skin              |    51 |    50 |    25 ||   126
  Dodge: Dodged            |    98 |    92 |    50 ||   240
